 Dungeon Crawl Stone Soup version 0.23-a0-582-g1b4a0ca (webtiles) character file.

99 MisterFreud the Skirmisher (level 4, -2/45 HPs)
             Began as a Minotaur Abyssal Knight on Dec 16, 2018.
             Was a Believer of Lugonu.
             Slain by an orc
             ... wielding a +0 short sword
              (4 damage)
             ... on level 4 of the Dungeon.
             The game lasted 00:03:48 (2154 turns).

MisterFreud the Skirmisher (MiAK)                   Turns: 2154, Time: 00:03:48

Health: -2/45      AC:  3    Str: 18    XL:     4   Next: 45%
Magic:  4/4        EV: 13    Int:  9    God:    Lugonu [**....]
Gold:   142        SH:  0    Dex:  9    Spells: 3/3 levels left

rFire    . . .     SeeInvis .   a - +1 falchion
rCold    . . .     Gourm    .   (no shield)
rNeg     . . .     Faith    .   b - +0 leather armour
rPois    .         Spirit   .   (helmet restricted)
rElec    .         Reflect  .   (no cloak)
rCorr    .         Harm     .   (no gloves)
MR       .....                  (no boots)
Stlth    +.........             (no amulet)
HPRegen  0.15/turn              j - +2 ring of evasion
MPRegen  0.09/turn              (no ring)

@: no status effects
A: retaliatory headbutt, horns 2
a: Depart the Abyss, Bend Space, Renounce Religion


You were on level 4 of the Dungeon.
You worshipped Lugonu.
Lugonu was pleased with you.
You were not hungry.

You visited 1 branch of the dungeon, and saw 4 of its levels.
You visited the Abyss 1 time.

You collected 142 gold pieces.

Inventory:

Hand Weapons
 a - a +1 falchion (weapon)
 e - a +2 whip of holy wrath
Missiles
 d - 5 javelins
 g - 111 stones (quivered)
 n - 27 arrows
Armour
 b - a +0 leather armour (worn)
Jewellery
 j - a +2 ring of evasion (left hand)
Scrolls
 h - a scroll of teleportation
Potions
 f - a potion of might {unknown}
 i - a potion of agility {unknown}
 k - a potion of invisibility {unknown}
 l - a potion of cancellation
 m - 3 potions of curing
 p - a potion of mutation {unknown}
Comestibles
 c - 9 rations


   Skills:
 + Level 6.4 Fighting
 - Level 2.4 Long Blades
 - Level 2.4 Armour
 - Level 1.1 Dodging
 - Level 1.7 Invocations


You had 3 spell levels left.
You didn't know any spells.
Your spell library was empty.

Dungeon Overview and Level Annotations

Branches:
Dungeon (4/15)
 Temple: D:4-7

Altars:
Dithmenos
Makhleb
Nemelex Xobeh


Innate Abilities, Weirdness & Mutations

You reflexively headbutt those who attack you in melee.
You have a pair of horns on your head.


Message History

The orc hits you with a +0 club.
The orc moves out of view.
You slash the orc! You headbutt the orc.
You kill the orc!
Lugonu accepts your kill. The orc hits you with a +0 mace!
The orc hits you but does no damage.
You closely miss the orc. The orc completely misses you.
The orc priest looks braver for a moment.
The orc hits you with a +0 short sword.
You hit the orc but do no damage. You headbutt the orc.
The orc is heavily wounded.
The orc priest invokes the aid of Beogh against you.
Beogh smites you! The orc barely misses you. x2
The orc priest looks satisfied for a moment.
The orc priest looks encouraged for a moment.
There is a stone staircase leading up here.
The orc priest calls down the wrath of Beogh upon you.
Beogh smites you!
* * * LOW HITPOINT WARNING * * *
The orc hits you with a +0 short sword.
You die...

#######.#
#.....#.# ..
#.....#.##..
+...........
######...........
#......@o........
#.####.oo........
#...........
#.....###..#
####.o..#
#)......#
.........
.##.....?# #.
.......


You could see an orc priest and 3 orcs.

Vanquished Creatures
  A worker ant zombie (D:3)
  2 adders (D:2)
  A worm (D:2)
  3 dart slugs
  A leopard gecko (D:2)
  4 orcs
  3 giant cockroaches
  5 hobgoblins
  A quokka (D:2)
  2 ball pythons (D:2)
  14 bats
  4 frilled lizards
  5 goblins
  5 kobolds
  8 rats
59 creatures vanquished.

Notes
Turn   | Place    | Note
-------+----------+-------------------------------------------
     0 | Abyss:1  | MisterFreud the Minotaur Abyssal Knight began the quest for
                  | the Orb.
     0 | Abyss:1  | Reached XP level 1. HP: 19/19 MP: 1/1
     5 | D:1      | Escaped the Abyss
   302 | D:1      | Reached skill level 4 in Fighting
   455 | D:1      | Reached XP level 2. HP: 28/28 MP: 2/2
   997 | D:2      | Reached skill level 5 in Fighting
   997 | D:2      | Reached XP level 3. HP: 23/36 MP: 3/3
  1293 | D:2      | Reached ** piety under Lugonu
  1297 | D:2      | Found a burning altar of Makhleb.
  1310 | D:2      | Found a shadowy altar of Dithmenos.
  1543 | D:2      | Found a sparkling altar of Nemelex Xobeh.
  1683 | D:3      | Reached XP level 4. HP: 38/44 MP: 4/4
  1687 | D:3      | Reached skill level 6 in Fighting
  1994 | D:3      | Found a faded altar of an unknown god.
  2154 | D:4      | HP: 2/45 [orc priest/divine providence (17)]
  2154 | D:4      | Slain by an orc

Vault maps used:
D:1:      minmay_arrival_three_doors, grunt_decor_mini_mirrors
D:2:      nemelex_altar_shiori, old_standard_altar, bloody_makhleb,
          roderic_roman_lattice
D:3:      chequers_ecumenical_altar_twisty, kennysheep_generic_room_11
D:4:      kennysheep_mini_moat, nicolae_overflow_hidden_temple,
          cheibrodos_ashenzari_chains, serial_shops, shop,
          nicolae_shop_waterfront, nicolae_shop_temple_entry_statues_fountains,
          shop, shop, first_ration, minmay_goblin_outpost
Abyss:1:  minivault_28

Skill      XL: |  1  2  3  4 |
---------------+-------------+-----
Fighting       | 4 5 6 |  6.4
Long Blades    | |  2.4
Armour         | |  2.4
Dodging        | |  1.1
Invocations    | |  1.7

Action                   |  1- 3 |  4- 6 || total
-------------------------+-------+-------++-------
Melee: Falchion          |    81 |    29 ||   110
       Headbutt          |    13 |     5 ||    18
  Use: Scroll            |       |     6 ||     6
 Stab: Sleeping          |     1 |       ||     1
  Eat: Chunk             |     2 |     2 ||     4
Armor: Leather armour    |    26 |     9 ||    35
Dodge: Dodged            |    62 |    25 ||    87
       Rpst.: Falchion   |    12 |     5 ||    17

Table legend:
 A = Non-vault XP
 B = Vault XP
 C = Vault XP percentage of total XP
 D = Non-vault monster count
 E = Vault monster count
 F = Vault count percentage of total count
                 A         B        C        D         E       F
            +---------+---------+-------+---------+---------+-------
      Total |     141 |       1 |   0.7 |      58 |       1 |   1.7
            +---------+---------+-------+---------+---------+-------
        D:1 |      29 |       0 |   0.0 |      16 |       0 |   0.0
        D:2 |      63 |       0 |   0.0 |      23 |       0 |   0.0
        D:3 |      46 |       1 |   2.1 |      18 |       1 |   5.3
        D:4 |       3 |       0 |   0.0 |       1 |       0 |   0.0
            +---------+---------+-------+---------+---------+-------
